 Dungeon Crawl Stone Soup version 0.25-a0-96-g4073cf80fb (webtiles) character file.

Game seed: 7989990799897535274, levelgen mode: deterministic

3007 Shinminahshi the Cleaver (level 9, -3/78 HPs)
             Began as a Hill Orc Fighter on Nov 11, 2019.
             Was a Believer of Qazlal.
             Killed from afar by Maurice (20 damage)
             ... with a bolt of acid
             ... on level 8 of the Dungeon.
             The game lasted 00:11:41 (7070 turns).

Shinminahshi the Cleaver (Hill Orc Fighter)         Turns: 7070, Time: 00:11:42

Health: -3/78      AC: 15    Str: 22    XL:     9   Next: 84%
Magic:  9/9        EV: 10    Int:  8    God:    Qazlal [**....]
Gold:   359        SH: 13    Dex: 10    Spells: 8/8 levels left

rFire    . . .     SeeInvis .   a - +0 war axe
rCold    . . .     Gourm    .   c - +0 shield
rNeg     . . .     Faith    .   g - +0 plate armour
rPois    .         Spirit   .   (no helmet)
rElec    .         Reflect  .   (no cloak)
rCorr    .         Harm     .   w - +0 pair of gloves (curse)
MR       .....                  t - +0 pair of boots
Stlth    ..........             (no amulet)
HPRegen  0.23/turn              p - +5 ring of evasion
MPRegen  0.11/turn              (no ring)

@: about to teleport
A: no striking features
a: Upheaval, Renounce Religion


You were on level 8 of the Dungeon.
You worshipped Qazlal.
Qazlal was pleased with you.
You were not hungry.

You visited 1 branch of the dungeon, and saw 8 of its levels.

You collected 359 gold pieces.

Inventory:

Hand Weapons
 a - a +0 war axe (weapon)
 s - a +2 scimitar of flaming
 A - a +5 trident
Missiles
 o - 17 poisoned darts (quivered)
 x - 8 boomerangs
 y - 3 atropa-tipped darts
Armour
 b - a +0 scale mail
 c - a +0 shield (worn)
 g - a +0 plate armour (worn)
 t - a +0 pair of boots (worn)
 w - a cursed +0 pair of gloves (worn)
Jewellery
 p - a +5 ring of evasion (left hand)
Wands
 d - a wand of acid (2)
 B - a wand of paralysis (4)
 H - a wand of scattershot (6)
 J - a wand of clouds (2)
Scrolls
 e - 3 scrolls of remove curse {unknown}
 i - a scroll of enchant weapon {unknown}
 j - 5 scrolls of amnesia
 k - 4 scrolls of teleportation
 m - a scroll of noise {unknown}
 n - 5 scrolls of immolation {unknown}
 q - 3 scrolls of enchant armour {unknown}
 r - 11 scrolls of identify {unknown}
 v - a scroll of fear {unknown}
 C - 2 scrolls of blinking {unknown}
 F - a scroll of magic mapping {unknown}
 I - 3 scrolls of fog {unknown}
Potions
 h - a potion of mutation {unknown}
 l - a potion of resistance {unknown}
 u - 3 potions of ambrosia {unknown}
 z - a potion of agility {unknown}
 D - a potion of degeneration {unknown}
 E - a potion of invisibility {unknown}
 G - a potion of flight {unknown}
Comestibles
 f - 15 rations


   Skills:
 + Level 6.5 Fighting
 + Level 11.4 Axes
 + Level 3.9 Throwing
 + Level 6.2 Armour
 + Level 7.5 Shields
 + Level 0.1 Evocations


You had 8 spell levels left.
You didn't know any spells.
Your spell library was empty.

Dungeon Overview and Level Annotations

Branches:
Dungeon (8/15)             Temple (0/1) D:4
   Lair: D:8-11

Altars:
Gozag
Qazlal
Yredelemnul

Shops:
D:4 %%%=%   D:5 =

Annotations:
D:1 exclusion: 2 downstairs
D:2 Sigmund
D:4 exclusion: 2 downstairs
D:8 Maurice


Message History

Maurice gestures wildly while chanting.
Maurice blinks!
Throwing (i - inventory. (/) - cycle)
o - 18 poisoned darts (quivered)
Press: ? - help, Shift-Dir - straight line, f/p - Maurice
Aim: Maurice, wielding a +0 short sword, wearing a +0 cloak and carrying a wand of acid (10) (lightly wounded, poisoned)
You throw a poisoned dart. The poisoned dart hits Maurice.
Maurice is lightly wounded.
Maurice zaps a wand.
The bolt of acid hits you!!
You are splashed with acid!
* * * LOW HITPOINT WARNING * * *
Okay, then.
As you read the scroll labeled LYME PESCHICS, it crumbles to dust.
It is a scroll of amnesia.
You feel forgetful for a moment.
As you read the scroll labeled DUOCOK KAPA, it crumbles to dust.
You feel strangely unstable.
It was a scroll of teleportation.
You block Maurice's attack.
You hit Maurice.
Maurice is moderately wounded.
Maurice zaps a wand.
The bolt of acid hits you!!
You die...

##....##############
#.)..#............#
####.....#######...#
...............#...#
####......#.##'#...#
#......#.#......#
####.#.#.#....(.#
.........#......#####
.........+.(@@......#
........##..........#
.....#........##.......
#.....#.#............(..
#.....#.#..............(
........................
....................####
.........######.....#
................###.#


You could see Maurice.

Vanquished Creatures
  Erica (D:8)
  Prince Ribbit (D:8)
  A hippogriff (D:4)
  Edmund (D:6)
  A black bear (D:7)
  4 centaurs
  3 ogres
  A bullfrog (D:6)
  A scorpion (D:8)
  5 wights (D:5)
  A howler monkey (D:8)
  3 crimson imps
  A quasit (D:6)
  A centaur zombie (D:7)
  A bullfrog zombie (D:8)
  3 bullfrog skeletons
  Jessica (D:2)
  2 iguanas (D:7)
  4 orc wizards
  4 worker ants
  A killer bee zombie (D:8)
  A hound skeleton (D:6)
  4 gnolls (D:6)
  9 adders
  2 shadow imps (D:5)
  3 oozes
  An adder skeleton (D:6)
  A dart slug (D:2)
  3 leopard geckos
  17 orcs
  3 giant cockroaches
  5 goblins (D:1)
  6 hobgoblins
  14 jackals
  2 kobolds (D:2)
  2 quokkas
  3 bats
  A frilled lizard (D:1)
  A giant cockroach zombie (D:1)
  A jackal skeleton (D:8)
  A quokka skeleton (D:4)
  2 quokka zombies
  2 rats
125 creatures vanquished.

Vanquished Creatures (others)
  2 plants (D:8)
2 creatures vanquished.

Grand Total: 127 creatures vanquished

Notes
Turn   | Place    | Note
-------+----------+-------------------------------------------
     0 | D:1      | Shinminahshi the Hill Orc Fighter began the quest for the
                  | Orb.
     0 | D:1      | Reached XP level 1. HP: 19/19 MP: 1/1
   135 | D:1      | Reached XP level 2. HP: 15/27 MP: 2/2
   335 | D:1      | Reached skill level 3 in Axes
   668 | D:1      | Reached XP level 3. HP: 32/33 MP: 3/3
   801 | D:2      | Noticed Jessica
   811 | D:2      | Killed Jessica
   908 | D:2      | Reached skill level 4 in Axes
   908 | D:2      | Reached XP level 4. HP: 33/40 MP: 4/4
  1316 | D:2      | Noticed a centaur
  1339 | D:2      | Killed a centaur
  1339 | D:2      | Reached skill level 5 in Axes
  1339 | D:2      | Reached XP level 5. HP: 18/47 MP: 5/5
  1600 | D:2      | Noticed Sigmund
  2523 | D:3      | Found a stormy altar of Qazlal.
  2525 | D:3      | Noticed a fire elemental
  2526 | D:3      | Noticed a water elemental
  2526 | D:3      | Noticed an air elemental
  2702 | D:3      | Became a worshipper of Qazlal Stormbringer
  2871 | D:4      | Found Xooxomep's Food Shoppe.
  2875 | D:4      | Found Nuovicsi's Food Emporium.
  2917 | D:4      | Found Jyifar's Food Emporium.
  2966 | D:4      | Reached XP level 6. HP: 49/53 MP: 6/6
  2989 | D:4      | Reached skill level 6 in Axes
  3081 | D:4      | Found Dalurr's Food Emporium.
  3159 | D:4      | Found a staircase to the Ecumenical Temple.
  3226 | D:4      | Found Ohoobb's Jewellery Boutique.
  3450 | D:5      | Entered Level 5 of the Dungeon
  3501 | D:5      | Reached * piety under Qazlal
  3830 | D:5      | Noticed a hippogriff
  3845 | D:4      | Killed a hippogriff
  3845 | D:4      | Reached skill level 5 in Fighting
  3845 | D:4      | Reached skill level 7 in Axes
  3845 | D:4      | Reached XP level 7. HP: 35/61 MP: 7/7
  3976 | D:5      | Reached skill level 1 in Throwing
  3976 | D:5      | Reached skill level 5 in Shields
  4053 | D:5      | Paralysed by a wight for 2 turns
  4218 | D:5      | Found Kessohon's Jewellery Shoppe.
  4464 | D:5      | Reached skill level 8 in Axes
  4664 | D:6      | Found a basalt altar of Yredelemnul.
  4685 | D:6      | Reached XP level 8. HP: 68/68 MP: 8/8
  4702 | D:6      | Reached skill level 5 in Armour
  4853 | D:6      | Reached skill level 9 in Axes
  4910 | D:6      | Noticed Edmund
  4930 | D:6      | Killed Edmund
  5860 | D:7      | Reached skill level 10 in Axes
  5945 | D:7      | Reached ** piety under Qazlal
  6053 | D:7      | Reached XP level 9. HP: 75/75 MP: 9/9
  6623 | D:8      | Noticed Prince Ribbit
  6639 | D:8      | Killed Prince Ribbit
  6823 | D:8      | Noticed Erica
  6843 | D:8      | Killed Erica
  6843 | D:8      | Reached skill level 11 in Axes
  6975 | D:8      | Found an opulent altar of Gozag.
  7058 | D:8      | Noticed Maurice
  7070 | D:8      | Killed from afar by Maurice

Levels and vault maps discovered:
D:1:      saegor_arrival_fortress, layout_basic, supply_closet_lemuel
D:2:      layout_basic, uniq_sigmund, uniq_jessica
D:3:      layout_rooms, nicolae_qazlal_style_of_elements
D:4:      layout_loops_ring, minmay_temple_entry_statues_fountains,
          first_ration, serial_shops, nicolae_shop_window_shopping, shop,
          nicolae_shop_temple_entry_statues_fountains, nicolae_shop_trees, shop
D:5:      layout_loops_ring, serial_shops, nicolae_shop_behind_doors,
          bh_chokoban
D:6:      layout_basic, yredelemnul_altar_generic, uniq_edmund
D:7:      layout_basic
D:8:      layout_basic, kennysheep_mini_moat, gammafunk_ghost_hydra_chop,
          uniq_maurice, uniq_prince_ribbit1, uniq_erica

Skill      XL: |  1  2  3  4  5  6  7  8  9 |
---------------+----------------------------+-----
Fighting       | 4 5 6 |  6.5
Axes           | 3 4 5 7 8 10 11 | 11.4
Shields        | 4 5 6 7 |  7.5
Armour         | 4 5 6 |  6.2
Throwing       | 1 2 3 |  3.9
Evocations     | |  0.1

Action                   |  1- 3 |  4- 6 |  7- 9 || total
-------------------------+-------+-------+-------++-------
Melee: War axe           |    75 |   158 |   274 ||   507
Throw: Dart              |       |    15 |    59 ||    74
Evoke: Wand              |       |       |     1 ||     1
  Use: Potion            |       |       |     4 ||     4
       Scroll            |       |       |     2 ||     2
  Eat: Chunk             |       |     6 |     7 ||    13
       Ration            |       |     1 |     1 ||     2
Armor: Scale mail        |    21 |       |       ||    21
       Plate armour      |    19 |   103 |   109 ||   231
Dodge: Dodged            |    14 |    67 |    78 ||   159
Block: Shield            |    38 |    99 |   176 ||   313

Table legend:
 A = Non-vault XP
 B = Vault XP
 C = Vault XP percentage of total XP
 D = Non-vault monster count
 E = Vault monster count
 F = Vault count percentage of total count
                 A         B        C        D         E       F
            +---------+---------+-------+---------+---------+-------
      Total |    2860 |    1437 |  33.4 |     119 |       6 |   4.8
            +---------+---------+-------+---------+---------+-------
        D:1 |      33 |       2 |   5.7 |      15 |       2 |  11.8
        D:2 |     154 |      37 |  19.4 |      10 |       1 |   9.1
        D:3 |       7 |       0 |   0.0 |       4 |       0 |   0.0
        D:4 |     420 |       0 |   0.0 |      14 |       0 |   0.0
        D:5 |     501 |       0 |   0.0 |      30 |       0 |   0.0
        D:6 |     680 |     158 |  18.9 |      15 |       1 |   6.2
        D:7 |     469 |       0 |   0.0 |      14 |       0 |   0.0
        D:8 |     596 |    1240 |  67.5 |      17 |       2 |  10.5
            +---------+---------+-------+---------+---------+-------
